 Dungeon Crawl Stone Soup version 0.28-a0-794-gafe8c5f9e9 (webtiles) character file.

Game seed: 15943008601623898017

176 avis the Insei (level 5, 0/36 HPs)
             Began as an Octopode Transmuter on Nov 5, 2021.
             Succumbed to an adder's poison
             ... on level 3 of the Dungeon.
             The game lasted 00:09:55 (3171 turns).

avis the Insei (Octopode Transmuter)                Turns: 3171, Time: 00:09:56

Health: 0/36       AC:  2    Str: 11    XL:     5   Next: 56%
Magic:  8/8        EV: 19    Int: 15    God:
Gold:   71         SH:  0    Dex: 17    Spells: 4/8 levels left

rFire   . . .      SeeInvis .     - Unarmed
rCold   . . .      Faith    .   (shield currently unavailable)
rNeg    + . .      Spirit   .   (helmet currently unavailable)
rPois   x          Reflect  .   (no amulet)
rElec   .          Harm     .   l - ring of positive energy
rCorr   .          Rampage  .   (no ring)
Will    .....                   (no ring)
Stlth   ++........              (no ring)
HPRegen 0.12/turn               (no ring)
MPRegen 0.11/turn               (no ring)
                                (no ring)
                                (no ring)

@: lethally poisoned (0 -> -9), spider-form (expiring), invisible
A: venomous fangs, almost no armour, (amphibious), 8 rings, tiny, (camouflage
1), (gelatinous body 1), (nimble swimmer 1), (tentacles)
a: End Transformation


You were on level 3 of the Dungeon.
You were a venomous arachnid creature.
You visited 1 branch of the dungeon, and saw 3 of its levels.

You collected 71 gold pieces.

Inventory:

Hand Weapons
 t - a +0 dagger of speed
Missiles
 c - 87 stones
 d - 15 bolts
 g - 39 sling bullets
 i - 42 arrows
 j - 15 poisoned darts
Armour
 f - a scarf of harm
Jewellery
 l - a ring of positive energy (left front leg)
Scrolls
 b - a scroll of enchant armour {unknown}
 e - 2 scrolls of magic mapping {unknown}
 n - a scroll of blinking {unknown}
 q - a scroll of amnesia {unknown}
 s - a scroll of identify {unknown}
 v - 3 scrolls of fog {unknown}
Potions
 h - a potion of heal wounds {unknown}
 k - a potion of ambrosia {unknown}
 m - a potion of magic
 o - a potion of attraction {unknown}
 p - a potion of berserk rage {unknown}
 r - a potion of mutation {unknown}
 u - a potion of curing {unknown}


   Skills:
 * Level 3.3 Fighting
 - Level 2.0 Dodging
 - Level 1.0 Stealth
 - Level 5.0 Unarmed Combat
 - Level 2.0 Spellcasting
 - Level 2.0 Transmutations


You had 4 spell levels left.
You knew the following spells:

 Your Spells              Type           Power      Damage    Failure   Level
a - Beastly Appendage     Tmut           14%        N/A       24%         1
p - Spider Form           Tmut/Pois      4%         N/A       63%         3

Your spell library contained the following spells:

 Spells                   Type           Power      Damage    Failure   Level
 Wereblood                Tmut           7%         N/A       32%         2
 Ice Form                 Ice/Tmut       4%         N/A       93%         4


Dungeon Overview and Level Annotations

Branches:
Dungeon (3/15)

Altars:
Ashenzari
Qazlal
Trog


Innate Abilities, Weirdness & Mutations

You are a venomous arachnid creature.
You have poisonous fangs.
You are tiny and dextrous.
Your spellcasting is less reliable in this form.
Your armour is entirely melded.
You are incapable of wielding weapons or throwing items.
You cannot wear most types of armour.
((You are amphibious.))
You can wear up to eight rings at the same time.
((Your skin changes colour to match your surroundings (Stealth+).))
((Your rubbery body absorbs attacks. (AC +1, EV +1)))
((You are camouflaged near water. (Stealth+)))
((You have tentacles for arms and can constrict up to eight enemies at once.))


Message History

Found 6 gold pieces.
Natasha hisses angrily.
Natasha casts a spell at you. The magic dart hits you!
Casting: Beastly Appendage (safe; 10% risk of failure)
Confirm with . or Enter, or press ? or * to list all spells.
The spell is quite dangerous to cast (41% risk of failure)!
Continue anyway?
Your tentacle spike disappears.
You turn into a venomous arachnid creature.
An adder comes into view.
Natasha mumbles some strange words.
Your transformation is almost over.
Natasha completely misses you. The white imp gestures at you.
The puff of frost hits you!
You bite Natasha!
Natasha is poisoned.
Natasha is heavily wounded.
Natasha claws you.
You hit Natasha.
You kill Natasha!
Natasha yowls pathetically as she dies!
The white imp disappears in a puff of smoke!
The adder bites you.
* * * LOW HITPOINT WARNING * * *
You are lethally poisoned!
The adder poisons you!
Training target 5.0 for Unarmed Combat reached!
Your Unarmed Combat skill increases to level 5!
You need to enable at least one skill for training.
It was a potion of magic.
Magic courses through your body.
* * * LOW HITPOINT WARNING * * *
You feel very sick. The adder barely misses you.
You hit the adder.
The adder is moderately wounded.
* * * LOW HITPOINT WARNING * * *
You feel sick. The adder closely misses you.
It was a potion of invisibility.
You fade into invisibility!
You die...

#..#.# #.#.#.#.# #
#....# #.#.#.#.#
#.#....# #.......##
###.#....#######.#...[##
..$.#.......###........
#................§....
#.....>...†....≈§≈≈≈≈≈
#....$.........§§§....
#....s.........≈.≈≈≈≈≈
#...†S####.....≈.≈....
#...... #####.≈.≈._.≈
#....$.. #.≈.≈.).≈
#........ #.≈.≈≈≈≈≈
#......... .##.§......
+...............≈§≈≈§§
#...........#.......§.
#####..###


You could see an adder.

Vanquished Creatures
  Ijyb (D:3)
  Natasha (D:3)
  An adder (D:2)
  4 gnolls
  A worm (D:2)
  A dart slug (D:2)
  4 endoplasms
  6 giant cockroaches
  6 goblins
  9 hobgoblins
  4 jackals
  7 quokkas
  6 ball pythons
  3 bats
  3 frilled lizards
  7 kobolds
  4 rats
68 creatures vanquished.

Notes
Turn   | Place    | Note
-------+----------+-------------------------------------------
     0 | D:1      | avis the Octopode Transmuter began the quest for the Orb.
     0 | D:1      | Reached XP level 1. HP: 13/13 MP: 3/3
   692 | D:1      | Reached XP level 2. HP: 15/19 MP: 3/5
   777 | D:1      | Reached skill level 1 in Stealth
   906 | D:1      | Reached XP level 3. HP: 8/25 MP: 6/6
  1428 | D:1      | Found a faded altar of an unknown god.
  1892 | D:2      | Reached XP level 4. HP: 19/31 MP: 7/7
  2337 | D:2      | Learned a level 3 spell: Spider Form
  2401 | D:2      | Reached skill level 4 in Unarmed Combat
  2746 | D:3      | Reached XP level 5. HP: 36/36 MP: 4/8
  2940 | D:3      | Found a stormy altar of Qazlal.
  2941 | D:3      | Noticed Ijyb
  2963 | D:3      | Killed Ijyb
  3003 | D:3      | Found a bloodstained altar of Trog.
  3003 | D:3      | Found a broken altar of Ashenzari.
  3161 | D:3      | Noticed Natasha
  3168 | D:3      | Killed Natasha
  3169 | D:3      | Reached skill level 5 in Unarmed Combat
  3171 | D:3      | Succumbed to an adder's poison

Illustrated notes

Levels and vault maps discovered:
D:1:      eino_arrival_water_star, layout_loops_ring,
          ebering_ecumenical_altar_mist, minmay_pentomino_s4
D:2:      minmay_inner_zag, layout_basic
D:3:      layout_basic, gammafunk_temple_overflow_statue,
          mainiacjoe_overflow_concentric_impassable, uniq_natasha, uniq_ijyb,
          uniq_terence

Skill      XL: |  1  2  3  4  5 |
---------------+----------------+-----
Fighting       | 2 3 |  3.3
Stealth        | 1 |  1.0
Unarmed Combat | 4 5 |  5.0
Dodging        | |  2.0
Spellcasting   | |  2.0
Transmutations | |  2.0

Action                   |  1- 3 |  4- 6 || total
-------------------------+-------+-------++-------
Melee: Unarmed           |    95 |    53 ||   148
       Constrict         |    29 |     9 ||    38
       Tentacles         |    13 |     2 ||    15
       Kick              |    22 |     8 ||    30
       Punch             |     2 |     1 ||     3
 Cast: Beastly Appendage |    28 |    15 ||    43
       Spider Form       |       |     2 ||     2
  Use: Potion            |       |     2 ||     2
 Stab: Sleeping          |     3 |     5 ||     8
Armor: Skin              |     4 |    15 ||    19
Dodge: Dodged            |    49 |    19 ||    68

Table legend: (Time is in decaauts)
 A = Elapsed time spent in this place.
 B = Non-inter-level travel time spent in this place.
 C = Inter-level travel time spent in this place.
 D = Time resting spent in this place.
 E = Time spent auto-exploring this place.
 F = Levels seen in this place.
 G = Mean time per level.
                   A        B        C        D        E       F      G
               +--------+--------+--------+--------+--------+-----+--------+
         Total |   3165 |   3051 |    114 |   1289 |   1131 |   3 | 1055.0 |
       Dungeon |   3165 |   3051 |    114 |   1289 |   1131 |   3 | 1055.0 |
               +--------+--------+--------+--------+--------+-----+--------+

Top non-repeatable levels by time:
     D:1: 1610 daAuts
     D:2: 1152 daAuts
     D:3: 402 daAuts
